 Dungeon Crawl Stone Soup version 0.29.0-7-g18a832c13a (webtiles) character file.

Game seed: 14846883952616794834

2 iguanaiguana the Magician (level 1, -1/14 HPs)
             Began as a Meteoran Hedge Wizard on Aug 30, 2022.
             Slain by a goblin
             ... wielding a +0 club
              (4 damage)
             ... on level 1 of the Dungeon.
             The game lasted 00:02:09 (140 turns).

iguanaiguana the Magician (Meteoran Hedge Wizard)    Turns: 140, Time: 00:02:09

Health: -1/14      AC:  2    Str: 11    XL:     1   Next: 57%
Magic:  6/6        EV: 12    Int: 15    God:
Gold:   12         SH:  0    Dex: 13    Spells: 5/8 levels left

rFire   . . .      SeeInvis .   a - +0 dagger
rCold   . . .      Faith    .   (no shield)
rNeg    . . .      Spirit   .   b - +0 robe
rPois   .          Reflect  .   c - +0 hat
rElec   .          Harm     .   (no cloak)
rCorr   .          Rampage  .   (no gloves)
Will    .....                   (no boots)
Stlth   +.........              (no amulet)
HPRegen 0.04/turn               (no ring)
MPRegen 0.10/turn               (no ring)

@: very slightly contaminated, glowing
A: sense surroundings 1, otherworldly, glowing, explore regen
a: no special abilities


You were on level 1 of the Dungeon.
You visited 1 branch of the dungeon, and saw 1 of its levels.

You collected 12 gold pieces.

Inventory:

Hand Weapons
 a - a +0 dagger (weapon)
 j - a +0 whip
Armour
 b - a +0 robe (worn)
 c - a +0 hat (worn)
 h - a +0 ring mail
 i - a +0 pair of gloves
Scrolls
 f - a scroll of fear {unknown}
 g - a scroll of teleportation {unknown}
Potions
 e - a potion of curing {unknown}


   Skills:
 - Level 2.4 Dodging
 - Level 1.4 Stealth
 - Level 4.0 Spellcasting
 - Level 1.2 Conjurations
 + Level 1.7 Summonings
 - Level 1.2 Translocations


You had 5 spell levels left.
You knew the following spells:

 Your Spells              Type           Power      Damage    Failure   Level
a - Magic Dart            Conj           24%        1d4       11%         1
b - Summon Small Mammal   Summ           32%        N/A       9%          1
c - Apportation           Tloc           12%        N/A       11%         1

Your spell library contained the following spells:

 Spells                   Type           Power      Damage    Failure   Level
 Call Imp                 Summ           8%         N/A       13%         2
 Blink                    Tloc           12%        N/A       17%         2
 Necrotise                Necr           12%        1d4       19%         1
 Slow                     Hex            12%        N/A       19%         1
 Conjure Flame            Conj/Fire      4%         6-21      38%         3
 Mephitic Cloud           Conj/Pois/Air  4%         N/A       43%         3


Dungeon Overview and Level Annotations

Branches:
Dungeon (1/15) Zot: 460

Altars:


Innate Abilities, Weirdness & Mutations

You passively map a small area around you.
You are easily found by Zot.
You glow in the dark.
You regain HP and MP as you explore.


Message History

Press: ? - help, Shift-Dir - straight line, f - quokka
Aim: a quokka (100% to hit)
The magic dart hits the quokka.
The quokka is moderately wounded.
Casting: Magic Dart (safe; 11% risk of failure)
Confirm with . or Enter, or press ? or * to list all spells.
Aiming: Magic Dart (safe; 11% risk of failure)
Press: ? - help, Shift-Dir - straight line, f/p - quokka
Aim: a quokka (moderately wounded, 100% to hit)
The magic dart hits the quokka.
The quokka is heavily wounded.
Your bat disappears in a puff of smoke!
The quokka bites you. The bat hits your bat.
Casting: Magic Dart (safe; 11% risk of failure)
Confirm with . or Enter, or press ? or * to list all spells.
Aiming: Magic Dart (safe; 11% risk of failure)
Press: ? - help, Shift-Dir - straight line, f/p - quokka
Aim: a quokka (heavily wounded, 100% to hit)
You miscast Magic Dart.
You are very lightly contaminated with residual magic.
Nothing appears to happen.
Your bat hits the bat. The bat hits your bat. x2
The quokka bites you.
* * * LOW HITPOINT WARNING * * *
The bat hits your bat.
Your bat dies!
Your bat's corpse disappears in a puff of smoke!
Casting: Magic Dart (safe; 11% risk of failure)
Confirm with . or Enter, or press ? or * to list all spells.
Aiming: Magic Dart (safe; 11% risk of failure)
Press: ? - help, Shift-Dir - straight line, f/p - quokka
Aim: a quokka (heavily wounded, 100% to hit)
The quokka is heavily wounded.
A kobold comes into view. It is wielding a +0 whip.
The kobold shouts!
The quokka bites you.
* * * LOW HITPOINT WARNING * * *
Okay, then.
Magic courses through your body. The goblin attacks as you move away!
The goblin hits you with a +0 club.
You die...

, , , , .# * * * ,, , ,
K.., , * * , , ..# * * ,
#######.#*## , * .........
.# ........#*.# ## ,* *
........##.## #. #.#
........g@..# #. * #.# ,
........r####,#.#### #K#
........b...# ....# #.# ,
.........##.####.#.#####.#
.........#.......#....##.#
.........#.....#......##.#
########.#.###.#.........#
* #... #.#.....).... *
########...#........


You could see a quokka, a goblin and a bat.

Vanquished Creatures
  A hobgoblin (D:1)
1 creature vanquished.

Vanquished Creatures (collateral kills)
  A kobold (D:1)
  A rat (D:1)
2 creatures vanquished.

Grand Total: 3 creatures vanquished

Notes
Turn   | Place    | Note
-------+----------+-------------------------------------------
     0 | D:1      | iguanaiguana the Meteoran Hedge Wizard began the quest for
                  | the Orb.
     0 | D:1      | Reached XP level 1. HP: 14/14 MP: 6/6
    30 | D:1      | Learned a level 1 spell: Apportation
    41 | D:1      | Learned a level 1 spell: Summon Small Mammal
   140 | D:1      | Slain by a goblin

Illustrated notes

Levels and vault maps discovered:
D:1:      heliophobic_arrival_glass_houses, layout_basic

Action                   || total
-------------------------++-------
Melee: Dagger            ||     1
 Cast: Summon Small Mamm ||     6
       Magic Dart        ||     5
  Use: Potion            ||     1
Armor: Robe              ||     5
Dodge: Dodged            ||    10
